 Dungeon Crawl Stone Soup version 0.20.1-1-g8b1a95d (webtiles) character file.

573 ReignOfFire the Firebug (level 7, -5/48 HPs)
             Began as a Human Fire Elementalist on July 20, 2017.
             Slain by Blork the orc
             ... wielding a +0 hand axe
              (8 damage)
             ... on level 4 of the Dungeon.
             The game lasted 00:20:24 (4696 turns).

ReignOfFire the Firebug (Human Fire Elementalist)   Turns: 4696, Time: 00:20:25

Health: -5/48      AC:  3    Str:  9    XL:     7   Next: 61%
Magic:  1/13       EV: 13    Int: 20    God:
Gold:   161        SH:  0    Dex: 13    Spells: 11/14 levels left

rFire    + . .     SeeInvis .   p - +1 short sword (venom)
rCold    . . .     Gourm    .   (no shield)
rNeg     . . .     Faith    .   a - +0 robe
rPois    .         Spirit   .   u - +0 helmet
rElec    .         Reflect  .   (no cloak)
rCorr    .         Harm     .   (no gloves)
MR       .....                  (no boots)
Stlth    ++........             m - amulet of regeneration
Regen    0.6/turn               i - +3 ring of intelligence
MPRegen  0.2/turn               l - ring of protection from fire

@: very slightly contaminated, invisible
A: no striking features
a: no special abilities


You were on level 4 of the Dungeon.
You were not hungry.

You visited 1 branch of the dungeon, and saw 5 of its levels.
You also visited: Sewer.

You collected 161 gold pieces.

Inventory:

Hand Weapons
 p - a +1 short sword of venom (weapon)
Armour
 a - a +0 robe (worn)
 u - a +0 helmet (worn)
Jewellery
 i - a +3 ring of intelligence (left hand)
 l - a ring of protection from fire (right hand)
 m - an amulet of regeneration (around neck)
 s - an uncursed amulet of faith
Wands
 q - a wand of flame (3/48)
Scrolls
 f - 2 scrolls of remove curse
 h - 2 scrolls of enchant weapon
 r - 2 scrolls of amnesia
 E - 3 scrolls of recharging
Potions
 d - a potion of lignification {unknown}
 g - a potion of resistance {unknown}
 j - a potion of degeneration {unknown}
 k - 3 potions of heal wounds {unknown}
 n - 6 potions of curing {unknown}
 t - a potion of berserk rage {unknown}
 w - 4 potions of flight {unknown}
 x - 2 potions of might {unknown}
 z - 3 potions of agility {unknown}
 A - a potion of brilliance {unknown}
 C - a potion of ambrosia {unknown}
Books
 b - a book of Flames

   Spells                             Type                      Level
   a - Flame Tongue                   Conjuration/Fire             1
   b - Throw Flame                    Conjuration/Fire             2
   c - Conjure Flame                  Conjuration/Fire             3
   d - Inner Flame                    Hexes/Fire                   3
   e - Sticky Flame                   Conjuration/Fire             4
   f - Fireball                       Conjuration/Fire             5
Comestibles
 c - 4 bread rations
 o - 2 meat rations
 B - a royal jelly


   Skills:
 + Level 1.0 Fighting
 + Level 2.5 Dodging
 + Level 2.7 Stealth
 + Level 0.2 Unarmed Combat
 + Level 4.2 Spellcasting
 + Level 3.8 Conjurations
 + Level 5.1 Fire Magic


You had 11 spell levels left.
You knew the following spells:

 Your Spells              Type           Power        Failure   Level  Hunger
a - Flame Tongue          Conj/Fire      ###..        1%          1    None
b - Throw Flame           Conj/Fire      ###...       3%          2    #......


Dungeon Overview and Level Annotations

Branches:
Dungeon (5/15)
 Temple: D:4-7

Altars:
Ashenzari
Gozag
Xom
The Shining One

Shops:
D:5 %

Annotations:
D:4 BakaWarrior999's ghost, amateur DsAK; Blork the orc


Message History

Something hits you.
Casting: Flame Tongue
Confirm with . or Enter, or press ? or * to list all spells.
You don't have enough magic to cast that spell.
You hit something. Something hits you! Something hits you.
You hear some strange, mumbled words.
A puff of frost appears from out of thin air!
The puff of frost hits you!
* * * LOW HITPOINT WARNING * * *
A magic dart appears from out of thin air!
The magic dart hits you!
* * * LOW HITPOINT WARNING * * *
You fade into invisibility!
You hear some strange, mumbled words.
A puff of flame appears from out of thin air!
The puff of flame hits you! You resist.
* * * LOW HITPOINT WARNING * * *
You are very lightly contaminated with residual magic.
Something hits you!
You die...

#######...##...#####
#...>........#
#..h##...###.. #######.##
#.# #h# #h# #.# #@#######
#.......# ## #####
#.#####....
##.<.##########.### .#
#.....#...........###..####
#.......#######)#..........
#.....### ##...####..###.
##...## #..........# ##.##
##...#####.#


You could see 2 jackals.

Vanquished Creatures
  An ogre (D:3)
  A big kobold (Sewer)
  A howler monkey (D:4)
  A jelly (D:5)
  An orc priest (D:3)
  An orc wizard (D:3)
  Terence (D:3)
  Natasha (thrice) (D:4)
  Robin (D:3)
  4 adders
  2 oozes
  3 worms
  2 dart slugs
  3 leopard geckos
  11 orcs
  3 giant cockroaches
  18 goblins
  10 hobgoblins
  4 jackals
  4 quokkas
  4 ball pythons
  8 bats
  22 kobolds
  17 rats
126 creatures vanquished.

Notes
Turn   | Place    | Note
-------+----------+-------------------------------------------
     0 | D:1      | ReignOfFire the Human Fire Elementalist began the quest for the Orb.
     0 | D:1      | Reached XP level 1. HP: 13/13 MP: 3/3
    60 | D:1      | Found a shattered altar of Ashenzari.
   285 | D:1      | Reached XP level 2. HP: 12/19 MP: 0/5
   900 | D:1      | Reached XP level 3. HP: 24/24 MP: 2/6
  1164 | D:2      | Found a glowing golden altar of the Shining One.
  1595 | D:2      | Reached XP level 4. HP: 30/30 MP: 0/7
  2431 | D:3      | Reached XP level 5. HP: 35/35 MP: 3/9
  2441 | D:3      | Reached skill level 4 in Fire Magic
  2534 | D:3      | Noticed Robin
  2758 | D:3      | Killed Robin
  2846 | D:3      | Found a glowing drain.
  2850 | Sewer    | Entered a sewer
  3096 | Sewer    | Learned a level 2 spell: Throw Flame
  3107 | Sewer    | Noticed a big kobold
  3149 | Sewer    | Killed a big kobold
  3149 | Sewer    | Reached XP level 6. HP: 42/42 MP: 1/11
  3503 | D:3      | Found a shimmering altar of Xom.
  3592 | D:3      | Found an opulent altar of Gozag.
  3748 | D:3      | Noticed Terence
  3764 | D:3      | Killed Terence
  4047 | D:4      | Noticed an ogre
  4138 | D:3      | Killed an ogre
  4138 | D:3      | Reached XP level 7. HP: 32/47 MP: 7/12
  4214 | D:4      | Noticed Natasha
  4225 | D:4      | Killed Natasha
  4225 | D:4      | Reached skill level 5 in Fire Magic
  4334 | D:4      | Noticed Natasha
  4338 | D:4      | Killed Natasha
  4388 | D:4      | Noticed BakaWarrior999's ghost (amateur DsAK)
  4444 | D:5      | Entered Level 5 of the Dungeon
  4444 | D:5      | Found Ocomiq's Food Boutique.
  4508 | D:4      | Noticed Natasha
  4512 | D:4      | Killed Natasha
  4512 | D:4      | Reached skill level 1 in Fighting
  4658 | D:4      | Noticed Blork the orc
  4696 | D:4      | Slain by Blork the orc

Skill      XL: |  1  2  3  4  5  6  7 |
---------------+----------------------+-----
Conjurations   | 2 3 |  3.8
Spellcasting   | 3 4 |  4.2
Fire Magic     | 4 5 |  5.1
Fighting       | 1 |  1.0
Dodging        | |  2.5
Stealth        | |  2.7
Unarmed Combat | |  0.2

Action                   |  1- 3 |  4- 6 |  7- 9 || total
-------------------------+-------+-------+-------++-------
Melee: Unarmed           |    14 |     3 |       ||    17
       Short sword       |       |     6 |     2 ||     8
 Cast: Flame Tongue      |    71 |   156 |    41 ||   268
       Throw Flame       |       |     3 |     9 ||    12
  Use: Scroll            |       |     4 |     2 ||     6
       Potion            |       |       |     1 ||     1
  Eat: Chunk             |     3 |     8 |     2 ||    13
Armor: Robe              |    11 |    11 |     1 ||    23
Dodge: Dodged            |    45 |    74 |     9 ||   128
